 Dungeon Crawl Stone Soup version 0.21.1-1-g345015f (webtiles) character file.

1300 dv1997 the Cleaver (level 8, 0/69 HPs)
             Began as a Hill Orc Fighter on July 1, 2018.
             Was a Believer of the Shining One.
             Slain by an orc warrior
             ... wielding a +0 glaive
              (12 damage)
             ... on level 6 of the Dungeon on July 3, 2018.
             The game lasted 00:29:36 (5259 turns).

dv1997 the Cleaver (Hill Orc Fighter)               Turns: 5259, Time: 00:29:37

Health: 0/69       AC: 11    Str: 21    XL:     8   Next: 57%
Magic:  10/10      EV:  6    Int:  8    God:    the Shining One [**....]
Gold:   259        SH: 15    Dex: 10    Spells: 9/10 levels left

rFire    . . .     SeeInvis .   a - +0 war axe
rCold    . . .     Gourm    .   o - +0 large shield
rNeg     + . .     Faith    .   b - +0 scale mail
rPois    .         Spirit   .   j - +0 helmet
rElec    .         Reflect  .   x - +0 cloak
rCorr    .         Harm     .   g - +0 pair of gloves
MR       .....                  (no boots)
Stlth    ..........             (no amulet)
HPRegen  0.21/turn              (no ring)
MPRegen  0.12/turn              (no ring)

@: glowing
A: no striking features
a: Divine Shield, Renounce Religion, Convert to Beogh


You were on level 6 of the Dungeon.
You worshipped the Shining One.
The Shining One was pleased with you.
You were not hungry.

You visited 1 branch of the dungeon, and saw 6 of its levels.

You collected 259 gold pieces.

Inventory:

Hand Weapons
 a - a +0 war axe (weapon)
 H - the +3 mace of the Countless Souls {freeze, +Fly rC+, unknown}
   (You found it on level 5 of the Dungeon)

   It has been specially enchanted to freeze those struck by it, causing extra
   injury to most foes and up to half again as much damage against particularly
   susceptible opponents.
   It can also slow down cold-blooded creatures.
   It protects you from cold.
   It lets you fly.
Missiles
 k - 20 bolts
 n - 56 arrows
Armour
 b - a +0 scale mail (worn)
 c - a +0 shield
 g - a +0 pair of gloves (worn)
 i - a +1 leather armour of poison resistance
 j - a +0 helmet (worn)
 o - a +0 large shield (worn)
 x - a +0 cloak (worn)
Jewellery
 r - a +4 ring of protection
 w - a cursed ring of teleportation
 J - an uncursed ring of flight {unknown}
Wands
 y - a wand of iceblast (12)
 L - a wand of acid (9)
Scrolls
 d - a scroll of magic mapping {unknown}
 e - 2 scrolls of remove curse
 l - 2 scrolls of teleportation
 p - 2 scrolls of enchant weapon {unknown}
 t - a scroll of enchant armour {unknown}
 F - a scroll of random uselessness {unknown}
 I - a scroll of blinking {unknown}
 K - a scroll of fear {unknown}
Potions
 h - a potion of agility {unknown}
 m - a potion of invisibility
 s - a potion of flight {unknown}
 v - a potion of lignification {unknown}
 z - 2 potions of curing
 A - a potion of mutation {unknown}
 B - a potion of haste {unknown}
 C - 2 potions of berserk rage {unknown}
 D - a potion of resistance {unknown}
 E - a potion of heal wounds
 G - a potion of magic {unknown}
Books
 q - a book of Cantrips

   Spells                             Type                      Level
   a - Confusing Touch                Hexes                        1
   b - Animate Skeleton               Necromancy                   1
   c - Summon Small Mammal            Summoning                    1
   d - Apportation                    Translocation                1
 u - a book of Misfortune

   Spells                             Type                      Level
   a - Confusing Touch                Hexes                        1
   b - Confuse                        Hexes                        3
   c - Gell's Gravitas                Translocation                3
   d - Petrify                        Transmutation/Earth          4
   e - Metabolic Englaciation         Hexes/Ice                    5
   f - Yara's Violent Unravelling     Hexes/Transmutation          5
Comestibles
 f - 5 rations


   Skills:
 + Level 5.4 Fighting
 + Level 8.0 Axes
 + Level 5.0 Armour
 + Level 1.9 Dodging
 + Level 5.3 Shields
 * Level 1.8 Spellcasting
 * Level 3.4 Hexes


You had 9 spell levels left.
You knew the following spells:

 Your Spells              Type           Power        Failure   Level  Hunger
a - Confusing Touch       Hex            #.....       96%         1    ##.....


Dungeon Overview and Level Annotations

Branches:
Dungeon (6/15)
 Temple: D:4-7

Altars:
Ashenzari
Fedhas
Ru
Vehumet
The Shining One


Message History

Found a scroll of identify.
You see here 12 gold pieces.
You now have 259 gold pieces (gained 12).
You block the orc warrior's attack.
The orc priest invokes the aid of Beogh against you.
Beogh smites you!
The orc warrior hits you with a glaive!!
The orc priest shouts, "Join the one true god or die!"
You hit the orc warrior.
The orc warrior is moderately wounded.
You block the orc warrior's attack.
You hit the orc warrior.
The orc warrior is moderately wounded.
The orc warrior hits you with a glaive!!
* * * LOW HITPOINT WARNING * * *
You slash the orc warrior!
The orc warrior is severely wounded.
You block the orc warrior's attack.
You feel better. The orc warrior hits you with a glaive!
You die...

#...<....# ..
#........###o#####.
#........#........$
###................>.
##..........#.........
....(.................
#.....o).)........#
#....@o.<.........#
#........#........#
#..........#........#
#..##.############...#
.. #? #.. # #. # . .


You could see an orc warrior, an orc priest and an orc wizard (wandering).

Vanquished Creatures
  The ghost of Lokkij the Slasher, an amateur TeWr (D:4)
  An ice beast (D:5)
  A phantom (D:2)
  3 ogres
  A bullfrog (D:5)
  2 crimson imps (D:5)
  A bullfrog zombie (D:5)
  3 jellies (D:5)
  An orc wizard (D:6)
  A gnoll shaman (D:5)
  An orc priest (D:5)
  Crazy Yiuf (D:3)
  Natasha (thrice) (D:2)
  A worker ant (D:4)
  2 hound skeletons
  Robin (D:2)
  7 adders
  6 gnolls
  2 oozes
  An adder zombie (D:5)
  2 adder skeletons
  3 worms (D:3)
  2 dart slugs (D:2)
  2 leopard geckos
  5 orcs
  8 bats
  4 giant cockroaches
  12 hobgoblins
  12 jackals
  6 kobolds
  2 quokkas (D:3)
  2 ball pythons (D:3)
  7 frilled lizards
  10 goblins
  A jackal zombie (D:5)
  A leopard gecko skeleton (D:4)
  A quokka skeleton (D:5)
  6 rats
126 creatures vanquished.

Notes
Turn   | Place    | Note
-------+----------+-------------------------------------------
     0 | D:1      | dv1997 the Hill Orc Fighter began the quest for the Orb.
     0 | D:1      | Reached XP level 1. HP: 19/19 MP: 1/1
   158 | D:1      | Reached XP level 2. HP: 27/27 MP: 2/2
   707 | D:2      | Reached skill level 3 in Axes
   714 | D:2      | Reached XP level 3. HP: 33/33 MP: 3/3
  1081 | D:2      | Found a glowing golden altar of the Shining One.
  1099 | D:2      | Became a worshipper of the Shining One
  1320 | D:2      | Noticed Natasha
  1337 | D:2      | HP: 1/33 [Natasha (4)]
  1339 | D:2      | Killed Natasha
  1339 | D:2      | Reached XP level 4. HP: 2/41 MP: 4/4
  1403 | D:2      | Noticed Natasha
  1423 | D:2      | HP: 1/41 [something/magic dart (3)]
  1426 | D:2      | The Shining One protects you from harm!
  1436 | D:2      | Killed Natasha
  1751 | D:2      | Noticed Natasha
  1761 | D:2      | Killed Natasha
  1761 | D:2      | Reached XP level 5. HP: 37/47 MP: 5/5
  1983 | D:3      | Found a blossoming altar of Fedhas.
  1988 | D:3      | Reached skill level 4 in Axes
  2008 | D:3      | Reached skill level 1 in Dodging
  2011 | D:3      | Noticed a phantom
  2015 | D:3      | Noticed Robin
  2027 | D:2      | Killed a phantom
  2027 | D:2      | Reached skill level 5 in Axes
  2027 | D:2      | Reached XP level 6. HP: 38/53 MP: 6/6
  2151 | D:2      | Killed Robin
  2218 | D:3      | Reached * piety under the Shining One
  2266 | D:3      | Found a sacrificial altar of Ru.
  2415 | D:3      | Learned a level 1 spell: Confusing Touch
  2519 | D:3      | Found a runed door.
  2523 | D:3      | Noticed Crazy Yiuf
  2529 | D:3      | Killed Crazy Yiuf
  3088 | D:4      | Found a radiant altar of Vehumet.
  3206 | D:4      | Reached skill level 1 in Hexes
  3233 | D:4      | Found a shattered altar of Ashenzari.
  3376 | D:4      | Reached skill level 5 in Fighting
  3376 | D:4      | Reached skill level 6 in Axes
  3376 | D:4      | Reached XP level 7. HP: 24/61 MP: 7/7
  3422 | D:4      | Noticed Lokkij's ghost (amateur TeWr)
  3427 | D:4      | Killed Lokkij's ghost
  3933 | D:5      | Entered Level 5 of the Dungeon
  3986 | D:5      | Got a dazzling mace
  4071 | D:5      | Reached skill level 7 in Axes
  4086 | D:5      | Reached ** piety under the Shining One
  4102 | D:5      | Reached XP level 8. HP: 66/68 MP: 8/8
  4158 | D:5      | Reached skill level 5 in Shields
  4379 | D:5      | Reached skill level 1 in Spellcasting
  5100 | D:5      | Reached skill level 5 in Armour
  5248 | D:6      | Reached skill level 8 in Axes
  5257 | D:6      | HP: 3/69 [orc warrior/glaive (22)]
  5259 | D:6      | Slain by an orc warrior

Skill      XL: |  1  2  3  4  5  6  7  8 |
---------------+-------------------------+-----
Fighting       | 4 5 |  5.4
Axes           | 3 5 6 7 8 |  8.0
Armour         | 4 5 |  5.0
Shields        | 4 5 |  5.3
Dodging        | 1 |  1.9
Hexes          | 1 2 3 |  3.4
Spellcasting   | 1 |  1.8

Action                   |  1- 3 |  4- 6 |  7- 9 || total
-------------------------+-------+-------+-------++-------
Melee: War axe           |   118 |   172 |   120 ||   410
  Use: Scroll            |     1 |     3 |     2 ||     6
       Potion            |     1 |     1 |     1 ||     3
  Eat: Ration            |     1 |     1 |     2 ||     4
       Chunk             |       |     1 |       ||     1
Armor: Scale mail        |    49 |    50 |    27 ||   126
Dodge: Dodged            |    20 |    36 |    15 ||    71
Block: Shield            |    23 |       |       ||    23
       Large shield      |    69 |   137 |    80 ||   286
